Map: New Repugnancy LE

Players

Mez

  • Race: Terran Terran
  • League: Master
  • Spawn Location: 1:00

lIlIlIlIll - Winner!

  • Race: Protoss Protoss
  • League: Master
  • Spawn Location: 7:00

VOD

Have the link to the VOD?

Description

Time

  • Played on: July 30, 2019, 11:56 p.m.
  • Length: 10:09
Show
View Real Time Build Order
Export as new Build Order

Mez Terran 

Build Orders: Reaper Expand 

Get SALT Encoding   

  12  0:00  SCV  
  13  0:13  SCV  
  14  0:19  Supply Depot  
  14  0:25  SCV  
  15  0:40  SCV  
  15  0:42  Barracks  
  16  0:47  Refinery  
  16  0:52  SCV  
  17  1:04  SCV  
  18  1:16  SCV  
  19  1:29  Reaper, Orbital Command  
  20  1:45  Command Center  
  20  1:55  SCV  
  20  2:00  Barracks  
  21  2:04  Barracks Reactor  
  21  2:07  SCV  
  22  2:15  Barracks  
  22  2:19  SCV  
  23  2:23  Supply Depot  
  23  2:45  SCV  
  23  2:46  Marine x2  
  23  2:48  Barracks Tech Lab  
  26  2:57  SCV  
  26  2:58  Orbital Command  
  27  3:04  Marine  
  27  3:05  Marine x2  
  30  3:07  Concussive Shells, Marauder  
  30  3:09  SCV  
  32  3:21  SCV  
  32  3:23  Marine  
  32  3:24  Marine x2  
  32  3:25  SCV  
  37  3:33  SCV  
  38  3:37  SCV  
  38  3:40  Marauder  
  39  3:41  Marine x2  
  39  3:42  Marine  
  39  3:47  Supply Depot  
  42  3:49  Engineering Bay, SCV x2  
  44  3:56  Stimpack  
  44  4:01  SCV x2  
  39  4:21  SCV  
  39  4:22  Missile Turret, SCV  
  41  4:27  Missile Turret  
  41  4:28  Marine x2  
  41  4:29  Marine  
  44  4:34  SCV  
  44  4:37  SCV  
  41  4:46  SCV  
  41  4:49  SCV  
  41  4:50  Marine  
  44  4:58  SCV  
  40  5:09  Marine x3  
  40  5:10  SCV x2  
  39  5:16  Marine  
  37  5:22  SCV x2  
  37  5:27  Marine  
  40  5:30  Marine x2  
  40  5:34  SCV x2, Marine  
  45  5:36  Bunker  
  45  5:45  Marine  
  45  5:46  SCV  
  45  5:47  SCV  
  45  5:48  Marine x2  
  50  5:57  Marine, Factory, Command Center  
  50  5:59  SCV x2  
  50  6:03  Marine  
  54  6:10  Refinery  
  54  6:12  Refinery, SCV  
  53  6:18  Marine  
  54  6:27  Combat Shield  
  54  6:34  Supply Depot  
  54  6:35  SCV x2, Marine x3  
  54  6:36  Marine  
  60  6:46  Barracks  
  60  6:47  SCV x2  
  60  6:48  Barracks  
  62  6:56  Marine x4  
  62  6:58  Supply Depot  
  62  6:59  SCV x2  
  62  7:00  Starport, Factory Reactor  
  68  7:11  SCV  
  68  7:12  SCV  
  70  7:18  Terran Infantry Weapons Level 1  
  70  7:21  Barracks Tech Lab  
  70  7:24  SCV, Orbital Command, Supply Depot  
  70  7:26  Barracks Reactor  
  71  7:33  Marine x2, Marauder, Barracks Tech Lab  
  75  7:40  Barracks Tech Lab  
  75  7:42  SCV x2  
  77  7:45  Medivac  
  77  7:49  Refinery, Medivac, Orbital Command  
  81  7:55  Supply Depot  
  81  7:57  Marine x5, Supply Depot  
  86  8:08  SCV  
  86  8:09  SCV  
  88  8:19  Marauder x2, Medivac x2  
  96  8:21  SCV x2  
  96  8:25  Marine x3  
  96  8:26  Marine x2  
  103  8:42  Marauder x2  
  103  8:43  Marine x2  
  103  8:44  Marauder  
  111  8:52  SCV x2  
  111  8:54  Refinery, Barracks x3  
  112  8:56  Supply Depot x2  
  112  9:03  Ghost Academy, Marauder  
  112  9:05  Engineering Bay, SCV x3, Armory  
  91  9:17  SCV, Marine x4, Marauder x2  
  91  9:24  Marine  
  86  9:35  Marine x4  
  86  9:36  Medivac x2  
  86  9:38  SCV x2, Marauder  
  96  9:39  Marauder  
  96  9:42  Marine  
Show
View Real Time Build Order
Export as new Build Order

lIlIlIlIll Protoss - Winner!

Build Orders: 1 Gate Expand, Oracle Opening, Mass Adepts, Zealot Archon 

Get SALT Encoding   

  12  0:00  Probe  
  13  0:12  Probe  
  14  0:17  Pylon  
  14  0:24  Probe  
  15  0:32  Probe  
  15  0:37  Gateway  
  15  0:40  Probe  
  16  0:46  Assimilator  
  17  0:51  Probe  
  18  1:03  Probe  
  19  1:20  Nexus  
  19  1:30  Cybernetics Core  
  19  1:34  Probe  
  20  1:40  Assimilator  
  20  1:44  Probe  
  21  1:51  Pylon  
  21  1:52  Probe  
  21  2:00  Adept, Probe  
  23  2:12  Probe  
  26  2:17  Stargate  
  26  2:23  Warp Gate  
  26  2:24  Probe  
  27  2:33  Probe  
  27  2:34  Adept  
  27  2:37  Probe  
  31  2:45  Probe  
  31  2:49  Probe  
  31  2:50  Oracle  
  33  2:57  Probe  
  34  3:01  Probe  
  38  3:09  Probe  
  39  3:13  Probe  
  39  3:18  Oracle  
  40  3:21  Probe  
  40  3:22  Gateway  
  40  3:23  Gateway  
  44  3:38  Probe x2  
  46  3:43  Adept  
  46  3:49  Pylon  
  46  3:50  Assimilator  
  46  3:55  Assimilator, Pylon  
  46  4:07  Probe, Oracle  
  50  4:14  Probe  
  51  4:19  Adept x2, Probe  
  51  4:22  Adept  
  58  4:26  Probe  
  59  4:32  Probe  
  59  4:37  Adept  
  62  4:40  Pylon  
  62  4:43  Pylon  
  62  4:56  Probe x2  
  62  4:59  Adept x3  
  59  5:08  Probe x2  
  59  5:13  Forge  
  61  5:14  Twilight Council  
  61  5:20  Probe x2  
  61  5:24  Protoss Ground Weapons Level 1  
  61  5:29  Sentry  
  61  5:30  Sentry  
  61  5:32  Probe x2  
  61  5:34  Nexus  
  61  5:35  Pylon  
  67  5:44  Probe x2  
  69  5:54  Templar Archives  
  69  5:56  Probe x2  
  71  6:08  Probe x2  
  73  6:12  Charge  
  73  6:20  Probe x2  
  75  6:26  Pylon  
  75  6:32  Probe x2  
  75  6:33  Gateway  
  75  6:37  Gateway  
  75  6:39  Pylon, Gateway  
  77  6:40  Gateway  
  77  6:45  Probe  
  78  6:48  Robotics Facility  
  78  6:49  Gateway  
  78  6:51  Pylon  
  78  6:55  Gateway  
  78  6:56  Gateway  
  78  6:59  Probe x3  
  78  7:01  Gateway  
  81  7:07  Pylon  
  81  7:09  High Templar x2  
  81  7:10  High Templar, Shield Battery  
  81  7:11  Shield Battery  
  81  7:14  Assimilator  
  87  7:20  Assimilator  
  87  7:25  Photon Cannon  
  87  7:26  Photon Cannon  
  87  7:27  Archon  
  87  7:28  High Templar  
  89  7:31  Photon Cannon  
  89  7:41  Psionic Storm  
  89  7:46  High Templar  
  89  7:47  High Templar  
  93  7:52  Observer  
  93  7:55  Zealot x4  
  93  7:56  Zealot x3  
  108  7:59  Pylon x2  
  108  8:02  Warp Prism  
  108  8:16  High Templar x2  
  114  8:24  Phoenix  
  116  8:37  High Templar, Zealot  
  116  8:38  Zealot x4, Immortal  
  116  8:39  High Templar  
  116  8:40  Zealot x2  
  138  8:43  Archon  
  138  8:49  Pylon  
  138  8:51  Pylon  
  138  8:53  Pylon  
  138  8:58  Zealot x2, High Templar  
  138  8:59  High Templar, Zealot  
  148  9:07  Warp Prism  
  144  9:12  Zealot x4  
  144  9:13  Zealot x2  
  132  9:18  Zealot x4  
  132  9:19  Zealot x4  
  136  9:45  Zealot x7  
  146  9:46  Zealot x2  
  152  9:54  Nexus  
  152  9:57  Pylon  
Tags
 
Add a new tag
Caveats
  • Supply blocks, unpowered buildings, or Contaminate may cause inaccurate times.
  • Supply counts are checked every 10 seconds.